 Dungeon Crawl Stone Soup version 0.28.0 (webtiles) character file.

Game seed: 5072884163192389177

126 Hasart the Insei (level 5, -5/34 HPs)
             Began as an Octopode Transmuter on Feb 19, 2022.
             Slain by a kobold brigand (10 damage)
             ... in a sewer.
             The game lasted 00:03:00 (3167 turns).

Hasart the Insei (Octopode Transmuter)              Turns: 3167, Time: 00:03:01

Health: -5/34      AC:  1    Str:  9    XL:     5   Next: 9%
Magic:  7/8        EV: 13    Int: 18    God:
Gold:   61         SH:  0    Dex: 12    Spells: 2/8 levels left

rFire   . . .      SeeInvis .     - Unarmed
rCold   . . .      Faith    .   (no shield)
rNeg    . . .      Spirit   .   (helmet restricted)
rPois   .          Reflect  .   (no amulet)
rElec   .          Harm     .   (no ring)
rCorr   .          Rampage  .   (no ring)
Will    .....                   (no ring)
Stlth   ++........              (no ring)
HPRegen 0.11/turn               (no ring)
MPRegen 0.11/turn               (no ring)
                                (no ring)
                                (no ring)

@: lethally poisoned (-5 -> -9), wereblooded, slowed, very slow
A: almost no armour, amphibious, 8 rings, camouflage 1, gelatinous body 1,
(nimble swimmer 1), tentacles
a: no special abilities


You were in a sewer.
You visited 1 branch of the dungeon, and saw 3 of its levels.
You also visited: Sewer.

You collected 61 gold pieces.

Inventory:

Scrolls
 a - a scroll of enchant armour {unknown}
 b - a scroll of enchant weapon {unknown}
 d - a scroll of magic mapping {unknown}
 e - a scroll of fog {unknown}
 g - a scroll of amnesia {unknown}
 i - 2 scrolls of identify {unknown}
Potions
 c - a potion of degeneration {unknown}
 f - a potion of heal wounds {unknown}
 h - a potion of curing {unknown}


   Skills:
 + Level 1.8 Fighting
 + Level 2.5 Dodging
 * Level 3.9 Unarmed Combat
 + Level 2.4 Spellcasting
 + Level 2.6 Transmutations
 * Level 2.1 Poison Magic


You had 2 spell levels left.
You knew the following spells:

 Your Spells              Type           Power      Damage    Failure   Level
a - Beastly Appendage     Tmut           22%        N/A       6%          1
b - Wereblood             Tmut           11%        N/A       9%          2
c - Spider Form           Tmut/Pois      10%        N/A       21%         3

Your spell library contained the following spells:

 Spells                   Type           Power      Damage    Failure   Level
 Animate Skeleton         Necr           4%         N/A       17%         1
 Apportation              Tloc           4%         N/A       17%         1
 Summon Small Mammal      Summ           8%         N/A       17%         1
 Ice Form                 Ice/Tmut       6%         N/A       69%         4


Dungeon Overview and Level Annotations

Branches:
Dungeon (3/15)              Sewer (1/1)

Altars:
Ashenzari
Fedhas
Okawaru
Zin


Innate Abilities, Weirdness & Mutations

You cannot wear most types of armour.
You are amphibious.
You can wear up to eight rings at the same time.
Your skin changes colour to match your surroundings (Stealth+).
Your rubbery body absorbs attacks. (AC +1, EV +1)
((You are camouflaged when in or above water. (Stealth+)))
You have tentacles for arms and can constrict up to eight enemies at once.


Message History

Your squeeze misses the jackal. The jackal bites you. x2
Unknown command.
You tentacle-slap the jackal. You grab the jackal.
The jackal is heavily wounded.
You constrict the jackal. The jackal barely misses you.
Unknown command.
You tentacle-slap the jackal.
You feel a bit better.
You kill the jackal!
The kobold brigand throws a curare-tipped dart.
The curare-tipped dart hits you.
You are poisoned.
You have difficulty breathing.
You feel yourself slow down.
Unknown command.
You closely miss the kobold. You grab the kobold. You squeeze the kobold.
You feel a bit better.
You kill the kobold!
You feel very sick.
Unknown command.
You tentacle-slap the kobold brigand. You grab the kobold brigand.
The kobold brigand is lightly wounded.
You constrict the kobold brigand.
You feel very sick.
The kobold brigand closely misses you. x2
You tentacle-slap the kobold brigand.
The kobold brigand is moderately wounded.
You constrict the kobold brigand.
You feel sick. The kobold brigand barely misses you.
You tentacle-slap the kobold brigand.
You squeeze the kobold brigand, but do no damage.
The kobold brigand is severely wounded.
You constrict the kobold brigand.
You feel very sick. The kobold brigand closely misses you.
You tentacle-slap the kobold brigand.
The kobold brigand is severely wounded.
You constrict the kobold brigand.
You feel sick.
The kobold brigand hits you with a +0 short sword.
* * * LOW HITPOINT WARNING * * *
The kobold brigand hits you with a +0 short sword!
You die...

.####### #.#....##
#.....≈. #....≈≈
..... ... ####K####
#...@≈..# #†.≈≈≈..#
#.≈≈≈≈≈≈# #.≈≈≈≈≈≈#
#≈≈≈≈≈≈.# #.≈≈≈≈≈≈#
#.≈≈≈≈≈≈#
#≈.≈≈≈.≈#############
#.≈≈≈≈≈≈≈≈≈≈≈≈≈≈≈≈≈≈≈


You could see a kobold brigand.

Vanquished Creatures
  A centaur skeleton (D:2)
  An adder (D:2)
  A river rat (Sewer)
  3 worms (D:3)
  3 dart slugs
  An orc (D:3)
  4 ball pythons
  4 bats
  2 endoplasms
  A giant cockroach (D:2)
  8 goblins
  8 jackals
  6 kobolds
  3 quokkas
  6 frilled lizards
  15 rats
67 creatures vanquished.

Notes
Turn   | Place    | Note
-------+----------+-------------------------------------------
     0 | D:1      | Hasart the Octopode Transmuter began the quest for the Orb.
     0 | D:1      | Reached XP level 1. HP: 13/13 MP: 3/3
   284 | D:1      | Reached XP level 2. HP: 18/18 MP: 5/5
   356 | D:1      | Found a faded altar of an unknown god.
  1077 | D:1      | Reached XP level 3. HP: 21/23 MP: 6/6
  1080 | D:1      | Learned a level 2 spell: Wereblood
  1084 | D:1      | Learned a level 3 spell: Spider Form
  2070 | D:2      | Reached skill level 1 in Poison Magic
  2077 | D:2      | Reached XP level 4. HP: 10/28 MP: 4/7
  2989 | D:3      | Found a broken altar of Ashenzari.
  2993 | D:3      | Found an iron altar of Okawaru.
  2995 | D:3      | Found a glowing silver altar of Zin.
  3000 | D:3      | Found a blossoming altar of Fedhas.
  3059 | D:3      | Found a glowing drain.
  3091 | Sewer    | Entered a sewer
  3105 | Sewer    | Reached XP level 5. HP: 33/34 MP: 5/8
  3153 | Sewer    | Noticed a kobold brigand
  3167 | Sewer    | Slain by a kobold brigand

Illustrated notes

Levels and vault maps discovered:
D:1:      wheals_arrival_linesprint, layout_loops_ring,
          chequers_ecumenical_altar_lobes
D:2:      layout_rooms, hex_intersection
D:3:      layout_basic, bloody_trog, nicolae_wu_jian_wuxing_cycle, minitemple,
          mainiacjoe_overflow_brackets, cheibrodos_sewer_entry_bend, uniq_robin
Sewer:    sewer_kobolds

Skill      XL: |  1  2  3  4 |
---------------+-------------+-----
Poison Magic   | 1 2 |  2.1
Fighting       | |  1.8
Dodging        | |  2.5
Unarmed Combat | |  3.9
Spellcasting   | |  2.4
Transmutations | |  2.6

Action                   |  1- 3 |  4- 6 || total
-------------------------+-------+-------++-------
Melee: Unarmed           |    98 |    57 ||   155
       Constrict         |    25 |    18 ||    43
       Tentacles         |    14 |    13 ||    27
       Punch             |     3 |     2 ||     5
 Cast: Wereblood         |     2 |     2 ||     4
       Spider Form       |       |     1 ||     1
 Stab: Sleeping          |    10 |     2 ||    12
Armor: Skin              |    12 |     1 ||    13
Dodge: Dodged            |    61 |    27 ||    88
